[Event "Tatry Open 2018"]
[Site "Tatranska Lomnica"]
[Date "2018.10.07"]
[Round "9"]
[White "Mrva, Vladimir"]
[Black "Zatko, Gregor"]
[Result "1-0"]
[ECO "B40"]
[WhiteElo "2078"]
[BlackElo "2194"]
[Annotator "NA"]
[PlyCount "71"]
[EventDate "2018.09.30"]
[EventType "swiss"]
[EventCountry "SVK"]
[SourceTitle "playchess.com"]
[Source "ChessBase"]
[SourceQuality "1"]
[TimeControl "40/5400+30:1800+30"]

1. e4 c5 2. Nf3 e6 3. c4 a6 4. Nc3 Qc7 5. d4 cxd4 6. Nxd4 Nf6 7. a3 {[%emt 0:06:40] LiveBook: 910 Games} b6 (7... Nxe4 $5 8. Nxe4 Qe5 $11) 8. Bd3 Bb7 9. O-O Be7 10. Be3 d6 11. Rc1 Nbd7 12. f3 O-O 13. Qe1 {[%emt 0:03:23] B42: Sicilian: Kan Variation: 5 Bd3} Rac8 14. Qg3 $146 ({Predecessor:} 14. Qf2 Qb8 15. Be2 Rfe8 16. Rfd1 Bd8 17. g3 Ne5 18. b3 Qa8 19. Bf4 Bc7 20. Bxe5 dxe5 21. Nc2 Re7 22. Ne3 Nd7 23. b4 Nb8 24. Rd2 {½-½ (80) Kumar,B (2060)-Das,S (2305) Nagpur 2012}) 14... Nh5 15. Qf2 g6 16. Be2 Nhf6 17. Rfd1 Qb8 18. Kh1 Rfe8 19. Bf1 Bd8 20. Bh6 Ne5 21. b3 $1 Bc7 22. Qh4 Ned7 23. Nc2 Bd8 24. Bg5 (24. Qf2 $14) 24... b5 25. Ne3 Bc6 $2 (25... Rc5 $1 $15 {bleibt weiter vorne.} 26. Rc2 (26. cxb5 Rxg5 27. bxa6 Rh5 $15) 26... bxc4 27. Bxc4 Rxg5 28. Qxg5 Nxe4) 26. cxb5 Bxb5 27. Nxb5 Rxc1 28. Rxc1 axb5 29. a4 bxa4 30. bxa4 Qb2 31. Rd1 d5 (31... Be7 $16) 32. Bb5 ({Much less strong is} 32. exd5 $6 exd5 33. Nxd5 Nxd5 $16) 32... d4 (32... Qc3 {is a better defense.} 33. Nf1 (33. exd5 exd5 34. Nxd5 Nxd5 $16) 33... Qc2) 33. Nc4 Qb3 34. Rf1 d3 35. e5 Rf8 $18 36. exf6 1-0

[Event "Tatry Open 2018"]
[Site "Tatranska Lomnica"]
[Date "2018.10.07"]
[Round "9"]
[White "Czajkowski, Ryszard"]
[Black "Cech, Dominik"]
[Result "0-1"]
[ECO "E73"]
[WhiteElo "2032"]
[BlackElo "2169"]
[Annotator "NA"]
[PlyCount "116"]
[EventDate "2018.09.30"]
[EventType "swiss"]
[EventCountry "SVK"]
[SourceTitle "playchess.com"]
[Source "ChessBase"]
[SourceQuality "1"]
[TimeControl "40/5400+30:1800+30"]

1. d4 Nf6 2. c4 g6 3. Nc3 Bg7 4. e4 d6 5. Be2 O-O 6. Bg5 h6 7. Be3 {[%emt 0:05:40] LiveBook: 770 Games} c6 8. Qd2 Kh7 {[%emt 0:00:25] E73: King's Indian: Averbakh Variation without 6...c5} 9. f3 (9. h4 Ng4 10. Bxg4 Bxg4 11. f3 Bd7 12. g4 b5 13. cxb5 cxb5 14. Nge2 e6 15. f4 f6 16. Ng3 {1-0 (34) Stefansson,H (2549)-Gretarsson,A (2300) Reykjavik 2015}) 9... e5 10. g4 Nfd7 11. h4 $146 ({Predecessor:} 11. d5 cxd5 12. Nxd5 Nc6 13. h4 Nc5 14. O-O-O Ne6 15. Nh3 Ncd4 {0-1 (58) Chistiakov,A (1904)-Rudovskya,R Kiev 2005}) 11... Na6 12. O-O-O Nc7 13. f4 exf4 14. Bxf4 c5 {[%emt 0:06:23] [#]} 15. Nf3 ({Don't take} 15. Bxd6 $6 cxd4 16. Nd5 Nxd5 $16) ({Only move:} 15. dxc5 $1 $18 dxc5 16. Bd6) 15... cxd4 16. Nxd4 Ne5 17. g5 h5 18. Ndb5 Nxb5 19. Nxb5 Be6 20. b3 a6 21. Nd4 {[%emt 0:05:30] [#]} (21. Qxd6 axb5 22. Bxe5 Qxd6 $17) 21... b5 $1 22. cxb5 axb5 23. Kb1 Qb6 24. Be3 ({Don't go for} 24. Bxb5 $2 {[#]} Nf3 $1 $19 ) (24. Bxe5 $17 Bxe5 25. Qb4) 24... Qb7 25. Nxe6 fxe6 26. Qb4 {[%emt 0:01:28] [#]} (26. Rhe1 $142 Qxe4+ 27. Bd3 Nxd3 28. Qxd3 Qxh4 29. Bd4) 26... Rxa2 $3 27. Kxa2 Ra8+ 28. Kb1 {[%emt 0:00:02] [#]} Nc4 $2 (28... Ra1+ $3 $19 29. Kc2 (29. Kxa1 Nc6+) 29... Ra2+ 30. Kb1 Rxe2) 29. bxc4 Qxe4+ 30. Bd3 Ra1+ $2 $11 (30... Qxe3 $11 {and Black is okay.} 31. cxb5 Ra1+ 32. Kc2 Ra2+ 33. Kb1 Qf2 34. Bxg6+ Kh8) 31. Kc2 Ra2+ 32. Kb1 $1 ({Don't blunder} 32. Kc1 $2 Qxe3+ 33. Rd2 Ra1+ 34. Kc2 Rxh1 $19) 32... Ra1+ 33. Kc2 Ra2+ 34. Kb1 Qa8 $2 35. Bd4 $4 (35. Bc1 $18) 35... Bxd4 36. Bxg6+ Kxg6 37. Rxd4 Ra1+ 38. Kb2 Qa2+ $2 (38... Rxh1 {setzt Matt} 39. cxb5 Qa1+ 40. Kb3 Rh3+ 41. Kc2 Qa2+ 42. Kc1 Rb3 43. Qxb3 Qxb3 44. Kd2 Kf5 45. Rd3 Qxb5 46. Rh3 Qb4+ 47. Kc2 Qg4 48. Rh2 Qg3 49. Re2 Qxh4 50. g6 Kxg6 51. Rxe6+ Kg5 52. Kd3 Qg3+ 53. Re3 h4 54. Kd4 Qg2 55. Kd3 h3 56. Re2 {[#]} Qxe2+ $1 57. Kxe2 h2 58. Kd3 h1=Q 59. Kc3 Qc6+ 60. Kb2 Kf4 61. Ka2 Qb7 62. Ka3 Ke3 63. Ka2 Kd3 64. Ka3 Kc3 65. Ka4 Qb4#) 39. Kc3 Rxh1 40. Qxd6 {[%emt 0:00:43] [#]} Rh3+ (40... b4+ $142 $1 41. Qxb4 (41. Kxb4 Rb1+) 41... Qa1+ 42. Kc2 Qxd4 43. Qd2 Qxc4+ 44. Kb2 Rxh4 45. Qf2 Qb5+ 46. Kc1 Rc4+ 47. Qc2+ Rxc2+ 48. Kxc2 Kxg5 49. Kc3 h4 50. Kd4 h3 51. Ke3 h2 52. Ke4 h1=Q+ 53. Kd4 Qh3 54. Ke4 Qd5#) 41. Kb4 {[%emt 0:17:16] [#]} Qa3+ $1 42. Kxb5 Rb3+ 43. Kc6 Qa4+ 44. Kc7 Qa7+ $11 45. Kd8 Rb8+ 46. Qxb8 Qxb8+ 47. Ke7 Kf5 48. c5 Qc7+ 49. Rd7 Qxc5+ 50. Kf7 Qc6 51. Ra7 e5 52. Ra1 Qd7+ 53. Kg8 Qc8+ 54. Kg7 Qb7+ 55. Kh6 Qc6+ 56. Kh7 Qg6+ 57. Kh8 e4 58. Ra5+ {[%emt 0:02:12] Ke5} Kg4 0-1

[Event "Tatry Open 2018"]
[Site "Tatranska Lomnica"]
[Date "2018.10.07"]
[Round "9"]
[White "Hrbek, Stepan"]
[Black "Havelka, Ondrej"]
[Result "1-0"]
[ECO "A40"]
[WhiteElo "2026"]
[BlackElo "2150"]
[Annotator "NA"]
[PlyCount "89"]
[EventDate "2018.09.30"]
[EventType "swiss"]
[EventCountry "SVK"]
[SourceTitle "playchess.com"]
[Source "ChessBase"]
[SourceQuality "1"]
[TimeControl "40/5400+30:1800+30"]

1. d4 e6 2. c4 b6 3. e4 Bb7 4. Nc3 Bb4 5. Qc2 Qh4 6. Bd3 f5 7. g3 {[%emt 0:02:29] LiveBook: 25 Games} Qe7 {[%emt 0:02:25] A40: Unusual replies to 1 d4} (7... Qh5 $15 8. Bd2 Nf6 9. f3 Nc6 10. Nb5 O-O 11. e5 a6 12. exf6 axb5 13. fxg7 Rfe8 14. Ne2 bxc4 15. Bxc4 Bxd2+ 16. Qxd2 Na5 17. Bb5 Nb3 18. Qe3 Nxa1 {0-1 (18) Vuckovic,B (2499)-Ivanisevic,I (2648) Belgrade 2014}) 8. Nge2 Nf6 9. O-O {[%emt 0:00:32] [#]} Bxc3 $1 10. Nxc3 Nc6 11. d5 Nd4 $146 ({Predecessor:} 11... Nb4 12. Qd1 fxe4 13. Nxe4 exd5 14. Nxf6+ Qxf6 15. Qe1+ {0-1 (62) Busu,C (2339)-Szabo,G (2514) Eforie Nord 2008}) 12. Qd1 O-O (12... fxe4 $15 13. Nxe4 exd5 14. cxd5 Nxd5) 13. Be3 c5 (13... fxe4 $11 {hält das Gleichgewicht.} 14. Nxe4 Nxe4 15. Bxe4 exd5) 14. dxc6 (14. exf5 $1 $14 exd5 15. Bxd4 cxd4 16. Nxd5 Nxd5 17. cxd5) 14... Nxc6 15. exf5 exf5 16. Be2 Ne5 17. Bf4 Rac8 18. Re1 Rfe8 19. Bg5 Qe6 20. Bxf6 Qxf6 21. Nd5 Qc6 22. Rc1 b5 23. b3 bxc4 24. bxc4 Re6 25. Qc2 g6 26. Qc3 Qc5 27. Bf1 $2 {[%emt 0:07:17] [#]} (27. Qb2 $11 {and White stays safe.} Bc6 28. Red1) 27... Qxd5 $1 28. cxd5 Rxc3 29. Rxe5 (29. Rxc3 $142 Nf3+ 30. Rxf3 Rxe1 31. Ra3) 29... Rxe5 $2 (29... Rxc1 $19 {is more deadly.} 30. dxe6 dxe6 31. Rxe6 Bd5 32. Re8+ Kf7) 30. Rxc3 Re1 ({Don't go for} 30... Bxd5 $2 31. Rc5 $18) 31. Kg2 Bxd5+ 32. f3 Ra1 33. a3 Ra2+ 34. Kg1 a5 (34... Kf7 $17 35. Bb5 Ke7 36. Re3+ Kd8) 35. Rc5 Rd2 36. Rxd5 Rxd5 37. Bc4 Kf7 38. Bxd5+ Ke7 39. Kf2 Kd6 40. Bg8 h6 41. Bh7 g5 42. Bxf5 Kc6 $18 43. Ke3 d5 44. Kd4 Kb5 45. Bd7+ 1-0